 Dungeon Sprint DCSS version 0.30-a0-596-g0af90f9a20 (webtiles) character file.

Game seed: 10698553519709638447

7422 rocky1 the Eclecticist (level 10, -5/52 HPs)
             Began as a Deep Elf Earth Elementalist on Jan 7, 2023.
             Was the Champion of Vehumet.
             Killed from afar by a deep elf zephyrmancer (29 damage)
             ... with a bolt of lightning
             ... in the Dungeon (Sprint III: "The Ten Rune Challenge").
             The game lasted 00:14:43 (2499 turns).

rocky1 the Eclecticist (DEEE)                       Turns: 2499, Time: 00:14:44

Health: -5/52      AC:  3    Str:  5    XL:     10   Next: 93%
Magic:  26/31      EV: 12    Int: 25    God:    Vehumet [******]
Gold:   2782       SH:  0    Dex: 15    Spells: 12/39 levels left

rFire   . . .      SeeInvis .    i - +0 long sword (holy)
rCold   . . .      Faith    .    (no shield)
rNeg    . . .      Spirit   .    n - +0 leather armour
rPois   .          Reflect  .    (no helmet)
rElec   .          Harm     .    (no cloak)
rCorr   .          Rampage  .    (no gloves)
Will    +....      NoTele   +    (no boots)
Stlth   ++                       (no amulet)
HPRegen 0.28/turn                (no ring)
MPRegen 0.22/turn                (no ring)

@: no status effects
A: no striking features
a: Renounce Religion


You were in the Dungeon.
You worshipped Vehumet.
Vehumet was exalted by your worship.
You visited 1 branch You collected 2847 gold pieces.
You spent 65 gold pieces at shops.

Inventory:

Hand Weapons
 i - a +0 long sword of holy wrath (weapon)
Missiles
 c - 7 curare-tipped darts
Armour
 a - a +0 robe
 n - a +0 leather armour (worn)
Wands
 o - a wand of paralysis (13)
Scrolls
 h - 2 scrolls of torment
 k - a scroll of brand weapon {unknown}
Potions
 b - 2 potions of magic
 d - 3 potions of heal wounds
 e - a potion of haste
 f - a potion of berserk rage
 j - 2 potions of might
 l - 2 potions of flight
 m - 5 potions of mutation


   Skills:
 + Level 1.5 Fighting
 + Level 3.5 Dodging
 + Level 3.7 Stealth
 + Level 15.3 Spellcasting
 + Level 11.8 Conjurations
 - Level 10.8 Translocations
 + Level 11.0 Transmutations
 - Level 7.9 Ice Magic
 + Level 14.9 Earth Magic
 - Level 5.7 Evocations


You had 12 spell levels left.
You knew the following spells:

 Your Spells              Type           Power      Damage    Failure   Level
a - Sandblast             Erth           100%       2d20      0%          1
b - Stone Arrow           Conj/Erth      100%       3d13      1%          3
c - Passwall              Tmut/Erth      59%        N/A       1%          2
d - Petrify               Tmut/Erth      71%        N/A       1%          4
e - Iskenderun's Mystic   Conj/Tloc      66%        2d14      1%          4
f - Frozen Ramparts       Ice            100%       1d16      1%          3
g - Lee's Rapid Deconstr  Erth           38%        3d19*     1%          5
h - Irradiate             Conj/Tmut      33%        3d22      1%          5

Your spell library contained the following spells:

 Spells                   Type           Power      Damage    Failure   Level
 Lightning Bolt           Conj/Air       24%        1d39      3%          5
 Dazzling Flash           Conj/Hex       96%        N/A       1%          3
 Manifold Assault         Tloc           65%        N/A       1%          4
 Dispersal                Tloc           32%        N/A       9%          6
 Starburst                Conj/Fire      24%        6d8       17%         6
 Disjunction              Tloc           32%        N/A       98%         8


Dungeon Overview and Level Annotations

Branches:
Dungeon (1/1)

Altars:
Cheibriados
Dithmenos
Elyvilon
Fedhas
Gozag
Hepliaklqana
Kikubaaqudgha
Makhleb
Nemelex Xobeh
Okawaru
Qazlal
Ru
Sif Muna
Trog
Uskayaw
Vehumet
Wu Jian
Xom
Yredelemnul
Zin
The Shining One
Jiyva
Lugonu

Shops:
D ([(:![:=?(:[


Message History

You now have 2721 gold pieces (gained 14).
You now have 2729 gold pieces (gained 8).
You now have 2742 gold pieces (gained 13).
You now have 2747 gold pieces (gained 5).
There is an entrance to Quij's Antique Weapon Emporium here.
You now have 2756 gold pieces (gained 9).
You now have 2772 gold pieces (gained 16).
You now have 2782 gold pieces (gained 10).
There is an entrance to Quij's Antique Weapon Emporium here.
Casting: Sandblast (safe; 0% risk of failure)
Confirm with . or Enter, or press ? or * to list all spells.
Okay, then.
You open the door.
The deep elf pyromancer shouts!
The deep elf zephyrmancer shouts! x2
The deep elf pyromancer shouts!
You hear a shout!
There is an open door to the Elven Halls here.
The deep elf knight shouts!
You open the door.
The deep elf pyromancer gestures wildly while chanting.
The deep elf pyromancer blinks!
Casting: Sandblast (safe; 0% risk of failure)
Confirm with . or Enter, or press ? or * to list all spells.
Aiming: Lee's Rapid Deconstruction (safe; 1% risk of failure)
Press: ? - help, Dir - move target A translucent rock wall.
The wall shatters!
The blast of rock fragments hits the deep elf zephyrmancer!
The deep elf zephyrmancer is moderately wounded.
The blast of rock fragments hits the deep elf pyromancer!!!
The deep elf pyromancer is almost dead.
The blast of rock fragments hits the deep elf zephyrmancer!!
The deep elf zephyrmancer is heavily wounded.
The deep elf pyromancer gestures wildly while chanting.
The deep elf pyromancer blinks!
The deep elf zephyrmancer gestures at you while chanting.
The bolt of lightning hits you!!
Ouch! That really hurt!
The bolt of lightning hits you!!
Ouch! That really hurt!
You die...

▓▓▓▓▓▓▓
#######..##.##########
_#__##.∩##.##..'§#...#
)#._#.........##@#e..##≈
##)##.........##.#e..≈≈≈
....#........###e#...##≈
....#)......## #.e...#
###'#))#.###.# #######
#...#)#####################
#...#))..#.#.#.....#^.....+
#...##)#).#.##.###)#...^..#
#...'##)#.#)##)#.)##...^..#


You could see a deep elf knight, a deep elf pyromancer and 2 deep elf
zephyrmancers.

Vanquished Creatures
  Sigmund (D)
  Erolcha (D)
  An orange crystal statue (D)
  A deep elf pyromancer (D)
  Edmund (D)
  3 wandering mushrooms (D)
  2 orc high priests (D)
  A shadow (D)
  2 redbacks (D)
  A spatial vortex (D)
  An orc warrior (D)
  5 two-headed ogres (D)
  A necrophage (D)
  A water elemental (D)
  A scorpion (D)
  A jelly (D)
  4 orc priests (D)
  Jessica (D)
  A wizard (D)
  3 orc wizards (D)
  A necromancer (D)
  A kobold demonologist (D)
  3 humans (D)
  12 orcs (D)
  3 rats (D)
53 creatures vanquished.

Vanquished Creatures (others)
  8 plants (D)
8 creatures vanquished.

Grand Total: 61 creatures vanquished

Notes
Turn   | Place    | Note
-------+----------+-------------------------------------------
     0 | D        | rocky1 the Deep Elf Earth Elementalist began the quest for
                  | the Orb.
     0 | D        | Reached XP level 1. HP: 10/10 MP: 6/6
    41 | D        | Noticed Jessica
    44 | D        | Killed Jessica
    45 | D        | Reached skill level 5 in Spellcasting
    45 | D        | Reached XP level 2. HP: 15/15 MP: 5/10
    98 | D        | Noticed a scorpion
   100 | D        | Killed a scorpion
   101 | D        | Reached skill level 6 in Spellcasting
   101 | D        | Reached XP level 3. HP: 19/19 MP: 9/13
   101 | D        | Reached XP level 4. HP: 24/24 MP: 9/14
   139 | D        | Learned a level 3 spell: Stone Arrow
   142 | D        | Learned a level 2 spell: Passwall
   147 | D        | Learned a level 4 spell: Petrify
   254 | D        | Reached skill level 7 in Spellcasting
   254 | D        | Reached skill level 1 in Conjurations
   386 | D        | Noticed a water elemental
   388 | D        | Killed a water elemental
   389 | D        | Reached skill level 8 in Spellcasting
   389 | D        | Reached XP level 5. HP: 28/28 MP: 9/17
   446 | D        | Found a radiant altar of Vehumet.
   446 | D        | Found a shimmering blue altar of Sif Muna.
   446 | D        | Found an ancient bone altar of Kikubaaqudgha.
   450 | D        | Reached skill level 10 in Earth Magic
   463 | D        | Learned a level 4 spell: Iskenderun's Mystic Blast
   630 | D        | Became a worshipper of Vehumet
   641 | D        | Found a glowing silver altar of Zin.
   641 | D        | Found a glowing golden altar of the Shining One.
   641 | D        | Found a white marble altar of Elyvilon.
   641 | D        | Noticed a deep elf pyromancer
   643 | D        | Killed a deep elf pyromancer
   644 | D        | Reached skill level 10 in Spellcasting
   644 | D        | Reached skill level 5 in Translocations
   644 | D        | Reached skill level 5 in Transmutations
   644 | D        | Reached XP level 6. HP: 32/32 MP: 12/21
   644 | D        | Reached XP level 7. HP: 36/36 MP: 13/23
   699 | D        | Found a hide-covered altar of Uskayaw.
   699 | D        | Found an iron altar of Okawaru.
   699 | D        | Found a bloodstained altar of Trog.
   699 | D        | Found an ornate altar of the Wu Jian Council.
   699 | D        | Noticed a human
   699 | D        | Noticed a human
   701 | D        | Killed a human
   702 | D        | Reached skill level 11 in Spellcasting
   705 | D        | Killed a human
   705 | D        | Reached * piety under Vehumet
   705 | D        | Offered knowledge of Magic Dart by Vehumet.
   827 | D        | Found a basalt altar of Yredelemnul.
   827 | D        | Found a shadowy altar of Dithmenos.
   827 | D        | Found a sacrificial altar of Ru.
   893 | D        | Noticed a shadow
   897 | D        | Killed a shadow
   897 | D        | Offered knowledge of Kiss of Death by Vehumet.
   897 | D        | Reached ** piety under Vehumet
   898 | D        | Reached skill level 1 in Evocations
   898 | D        | Reached XP level 8. HP: 41/41 MP: 12/25
   985 | D        | Found a blossoming altar of Fedhas.
   985 | D        | Found a stormy altar of Qazlal.
   985 | D        | Found a snail-covered altar of Cheibriados.
   985 | D        | Found a burning altar of Makhleb.
   985 | D        | Found a shimmering altar of Xom.
   986 | D        | Found a hazy altar of Hepliaklqana.
   986 | D        | Found an opulent altar of Gozag.
   986 | D        | Found a sparkling altar of Nemelex Xobeh.
   986 | D        | Found a corrupted altar of Lugonu.
   986 | D        | Found a viscous altar of Jiyva.
  1044 | D        | Reached skill level 12 in Spellcasting
  1047 | D        | Reached *** piety under Vehumet
  1125 | D        | Offered knowledge of Frozen Ramparts by Vehumet.
  1167 | D        | Learned a level 3 spell: Frozen Ramparts
  1169 | D        | Noticed a two-headed ogre
  1173 | D        | Killed a two-headed ogre
  1173 | D        | Offered knowledge of Mephitic Cloud by Vehumet.
  1174 | D        | Reached skill level 1 in Ice Magic
  1335 | D        | Noticed Erolcha
  1337 | D        | Noticed a two-headed ogre
  1341 | D        | Killed Erolcha
  1342 | D        | Reached skill level 5 in Evocations
  1342 | D        | Reached XP level 9. HP: 45/45 MP: 12/27
  1344 | D        | Killed a two-headed ogre
  1345 | D        | Reached skill level 13 in Spellcasting
  1459 | D        | Reached **** piety under Vehumet
  1459 | D        | Offered knowledge of Lee's Rapid Deconstruction by Vehumet.
  1468 | D        | Learned a level 5 spell: Lee's Rapid Deconstruction
  1547 | D        | Noticed Edmund
  1547 | D        | Noticed Sigmund
  1553 | D        | Killed Sigmund
  1554 | D        | Reached skill level 14 in Spellcasting
  1554 | D        | Reached skill level 10 in Conjurations
  1554 | D        | Reached skill level 10 in Translocations
  1554 | D        | Reached skill level 10 in Transmutations
  1554 | D        | Reached XP level 10. HP: 14/50 MP: 9/30
  1561 | D        | Killed Edmund
  1695 | D        | Noticed a smoke demon
  1696 | D        | Reached ***** piety under Vehumet
  1696 | D        | Offered knowledge of Irradiate by Vehumet.
  1834 | D        | Noticed an orange crystal statue
  1967 | D        | Killed an orange crystal statue
  2009 | D        | Found Acumuutt's Antique Armour Emporium.
  2009 | D        | Found Daptyesch's Jewellery Shop.
  2009 | D        | Found Ickifaf's Book Boutique.
  2009 | D        | Found Izxylu Xiack's Antique Armour Shoppe.
  2009 | D        | Found Jonaiwo's Distillery.
  2009 | D        | Found Zysoall's Book Emporium.
  2009 | D        | Found Minaufog's Book Shop.
  2009 | D        | Found Juvvuygoo's Antique Weapon Shop.
  2009 | D        | Found Fefoadum's Weapon Emporium.
  2009 | D        | Found Yfyonus's Antique Armour Emporium.
  2009 | D        | Found Ockoh's Magic Scroll Boutique.
  2053 | D        | Bought a potion of heal wounds for 65 gold pieces
  2064 | D        | Learned a level 5 spell: Irradiate
  2131 | D        | Reached skill level 15 in Spellcasting
  2268 | D        | Found Quij's Antique Weapon Emporium.
  2268 | D        | Noticed an orc high priest
  2275 | D        | Noticed a rust devil
  2275 | D        | Offered knowledge of Lightning Bolt by Vehumet.
  2276 | D        | Killed an orc high priest
  2277 | D        | Reached skill level 1 in Fighting
  2307 | D        | Reached ****** piety under Vehumet
  2484 | D        | Noticed a deep elf pyromancer
  2484 | D        | Noticed a deep elf zephyrmancer
  2484 | D        | Noticed a deep elf zephyrmancer
  2484 | D        | Noticed a deep elf pyromancer
  2484 | D        | Noticed a deep elf knight
  2499 | D        | Killed from afar by a deep elf zephyrmancer

Illustrated notes

Levels and vault maps discovered:
D:        dungeon_sprint_mu [sprint_mu_entry_cave, sprint_mu_temple_rooms,
          sprint_mu_d1_spiders, sprint_mu_d2_genie, sprint_mu_d3_branching,
          sprint_mu_orc_legion, sprint_mu_elf_gauntlet, sprint_mu_hive_nellie,
          sprint_mu_lair_fedhas, sprint_mu_vaults_butterflies,
          sprint_mu_slime_circle, sprint_mu_swamp_cave, sprint_mu_snake_twists,
          sprint_mu_blade_basic, sprint_mu_crypt_fortress,
          sprint_mu_tomb_spiral, sprint_mu_vestibule_basic,
          sprint_mu_gehenna_hellfire, sprint_mu_dis_giant,
          sprint_mu_tartarus_statrot, sprint_mu_cocytus_islands, sprint_mu_zot1]

Skill      XL: |  1  2  3  4  5  6  7  8  9 10 |
---------------+-------------------------------+-----
Spellcasting   | 5 6 8 10 11 12 14 15 | 15.3
Earth Magic    | 6 8 9 11 12 13 14 | 14.9
Conjurations   | 3 6 7 9 10 11 | 11.8
Translocations | 5 6 8 10 | 10.8
Transmutations | 5 6 8 10 11 | 11.0
Evocations     | 1 5 |  5.7
Ice Magic      | 3 6 7 |  7.9
Fighting       | 1 |  1.5
Dodging        | 3 |  3.5
Stealth        | 3 |  3.7

Action                   |  1- 3 |  4- 6 |  7- 9 | 10-12 || total
-------------------------+-------+-------+-------+-------++-------
Melee: Long sword        |       |       |       |     2 ||     2
 Cast: Sandblast         |     7 |     4 |     1 |     7 ||    19
       Stone Arrow       |       |     8 |    41 |    20 ||    69
       Frozen Ramparts   |       |       |     3 |       ||     3
       Lee's Rapid Decon |       |       |     4 |    12 ||    16
       Petrify           |       |       |       |     3 ||     3
  Use: Scroll            |       |     2 |       |     1 ||     3
       Potion            |       |       |       |     4 ||     4
Armor: Robe              |       |     1 |     1 |       ||     2
       Leather armour    |       |       |       |     4 ||     4
Dodge: Dodged            |       |     2 |     6 |     6 ||    14

Table legend: (Time is in decaauts)
 A = Elapsed time spent in this place.
 B = Non-inter-level travel time spent in this place.
 C = Inter-level travel time spent in this place.
 D = Time resting spent in this place.
 E = Time spent auto-exploring this place.
 F = Levels seen in this place.
 G = Mean time per level.
                   A        B        C        D        E       F      G
               +--------+--------+--------+--------+--------+-----+--------+
         Total |   2528 |   2500 |     28 |   1844 |     36 |   1 | 2528.0 |
       Dungeon |   2528 |   2500 |     28 |   1844 |     36 |   1 | 2528.0 |
               +--------+--------+--------+--------+--------+-----+--------+

Top non-repeatable levels by time:
       D: 2528 daAuts
